 Dungeon Crawl Stone Soup version 0.31-a0-542-gdc2a678 (webtiles) character file.

Game seed: 18106829191943610062

297 Dorkslayer the Covered (level 6, -5/38 HPs)
             Began as a Gargoyle Fighter on Aug 14, 2023.
             Killed by an exploding endoplasm (35 damage)
             ... ignited by their inner flame
             ... on level 3 of the Dungeon.
             The game lasted 00:05:06 (1835 turns).

Dorkslayer the Covered (Gargoyle Fighter)           Turns: 1835, Time: 00:05:06

Health: -5/38      AC: 16    Str: 20    XL:     6   Next: 35%
Magic:  6/6        EV:  6    Int:  8    God:
Gold:   113        SH:  5    Dex: 11    Spells: 5/5 levels left

rFire   . . .        a - +0 war axe
rCold   . . .        c - +1 buckler
rNeg    + . .        m - +0 plate armour
rPois   ∞            (no helmet)
rElec   +            (no cloak)
rCorr   .            (no gloves)
SInv    +            (no boots)
Will    .....        l - amulet of regeneration Stlth
                     h - ring of see invisible
HPRegen 1.06/turn    (no ring)
MPRegen 0.10/turn

%: no passive effects
@: no status effects
A: sickness immunity, AC +4, negative energy resistance 1, electricity
resistance, torment resistance 1, petrification resistance
a: no special abilities


You were on level 3 of the Dungeon.
You visited 1 branch of the dungeon, and saw 5 of its levels.

You collected 113 gold pieces.

Inventory:

Hand Weapons
 a - a +0 war axe (weapon)
Missiles
 p - 6 boomerangs (quivered)
Armour
 c - a +1 buckler (worn)
 m - a +0 plate armour (worn)
Jewellery
 h - a ring of see invisible (left hand)
 l - an amulet of regeneration (around neck)
Scrolls
 b - a scroll of teleportation {unknown}
 g - a scroll of enchant weapon {unknown}
 n - 2 scrolls of blinking {unknown}
 o - a scroll of immolation
Potions
 d - 2 potions of mutation
 e - a potion of resistance {unknown}
 f - a potion of enlightenment {unknown}
 i - 2 potions of lignification
 j - 2 potions of heal wounds
 k - 3 potions of curing


   Skills:
 + Level 3.9 Fighting
 + Level 4.1 Axes
 + Level 4.8 Armour
 + Level 0.5 Dodging
 + Level 1.0 Stealth
 + Level 3.9 Shields


You had 5 spell levels left.
You didn't know any spells.
Your spell library contained the following spells:

 Spells                   Type           Power      Damage    Failure   Level
 Apportation              Tloc           0%         N/A       100%        1
 Stone Arrow              Conj/Erth      0%         3d7       100%        3
 Animate Armour           Summ/Erth      0%         N/A       100%        4
 Alistair's Intoxication  Tmut/Pois      0%         N/A       100%        5
 Lehudib's Crystal Spear  Conj/Erth      0%         10d2      100%        8


Dungeon Overview and Level Annotations

Branches:
Dungeon (5/15)
 Temple: D:4-7

Altars:
Hepliaklqana


Innate Abilities, Weirdness & Mutations

You are immune to sickness and miasma.
Your stone body is resilient. (AC +4)
You are immune to poison.
You resist negative energy. (rN+)
You are resistant to electric shocks. (rElec)
You are resistant to unholy torment.
You are immune to petrification.


Message History

Unknown command.
Grinder blinks!
The endoplasm attacks as you move away! The endoplasm barely misses you.
The endoplasm attacks as you move away!
The endoplasm hits you but does no damage.
The endoplasm attacks as you move away! The endoplasm barely misses you.
The ball python completely misses you. The ball python grabs you.
The ball python constricts you.
The endoplasm hits you but does no damage.
Grinder blinks!
You escape the ball python's grasp.
The ball python bites you but does no damage.
The ball python barely misses you.
The ball python attacks as you move away!
The ball python bites you but does no damage.
The endoplasm attacks as you move away! The endoplasm hits you.
The ball python barely misses you. x2
The ball python bites you but does no damage.
The ball python grabs you. The ball python constricts you.
You escape the ball python's grasp.
Grinder blinks!
The endoplasm attacks as you move away!
The endoplasm hits you but does no damage.
Grinder blinks!
The endoplasm attacks as you move away! You block the endoplasm's attack.
Grinder barely misses you. Grinder attacks as you move away! Grinder hits you.
Grinder gestures at you. Pain shoots through your body!
The endoplasm freezes you.
You are frozen.
You hit the endoplasm.
Flame seeps out of the endoplasm.
The endoplasm is moderately wounded.
The endoplasm is engulfed in blazing flames.
The endoplasm explodes!
The fiery explosion engulfs Grinder!
The fiery explosion engulfs the ball python!
You kill the ball python!
The fiery explosion engulfs you!!
Ouch! That really hurt!
You die...

#.......... #..........
#.......... #..........
######## #..........
##......## ##........#
#........## #..........
..........# #.........†
.......§@§# #.........[
.......§○§#####..........
.......§§§#..............
...........)####.........
#......................##
..........######..####.#
..........# #.## #..#
..........# #.# ##.#
..........# ..# #.#


There were no monsters in sight!

Vanquished Creatures
  Grinder (D:3)
  A hound (D:4)
  An orc priest (D:5)
  An iguana (D:5)
  Natasha (thrice) (D:4)
  2 orc wizards (D:3)
  3 adders
  A dart slug (D:2)
  A worm (D:3)
  10 orcs
  4 endoplasms
  2 giant cockroaches (D:3)
  4 goblins
  6 hobgoblins
  4 jackals (D:2)
  3 kobolds
  3 quokkas
  7 ball pythons
  A bat (D:1)
  A rat (D:2)
59 creatures vanquished.

Notes
Turn   | Place    | Note
-------+----------+-------------------------------------------
     0 | D:1      | Dorkslayer the Gargoyle Fighter began the quest for the
                  | Orb.
     0 | D:1      | Reached XP level 1. HP: 14/14 MP: 1/1
   524 | D:2      | Reached XP level 2. HP: 19/19 MP: 2/2
   608 | D:2      | Reached skill level 1 in Stealth
  1249 | D:2      | Reached XP level 3. HP: 23/23 MP: 3/3
  1384 | D:3      | You fall into a shaft and drop 2 floors!
  1384 | D:5      | Entered Level 5 of the Dungeon
  1427 | D:5      | Reached XP level 4. HP: 28/28 MP: 4/4
  1494 | D:4      | Noticed Natasha
  1510 | D:4      | Killed Natasha
  1511 | D:4      | Reached XP level 5. HP: 23/33 MP: 5/5
  1525 | D:4      | Noticed Natasha
  1543 | D:4      | Killed Natasha
  1614 | D:4      | Noticed Natasha
  1625 | D:4      | Killed Natasha
  1667 | D:3      | Found a hazy altar of Hepliaklqana.
  1674 | D:3      | Reached XP level 6. HP: 38/38 MP: 6/6
  1806 | D:3      | Noticed Grinder
  1835 | D:3      | Killed Grinder
  1835 | D:3      | Killed by an exploding endoplasm... ignited by their inner
                  | flame

Illustrated notes

Levels and vault maps discovered:
D:1:      dpeg_arrival_short_road, layout_rooms
D:2:      layout_basic
D:3:      layout_rooms, nicolae_hepliaklqana_hazy_memory, uniq_grinder
D:4:      layout_basic, mainiacjoe_overflow_24_doors,
          minmay_temple_entry_statues_fountains, uniq_natasha
D:5:      layout_gridville, grunt_temple_overflow_diamond, old_standard_altar,
          serial_shops, shop

Skill      XL: |  1  2  3  4  5  6 |
---------------+-------------------+-----
Stealth        | 1 |  1.0
Axes           | 2 3 4 |  4.1
Armour         | 4 |  4.8
Fighting       | |  3.9
Dodging        | |  0.5
Shields        | |  3.9

Action                     |  1- 3 |  4- 6 || total
---------------------------+-------+-------++-------
  Melee: War axe           |    82 |    96 ||   178
  Throw: Boomerang         |     3 |       ||     3
    Use: Scroll            |     3 |     3 ||     6
         Potion            |     1 |       ||     1
 Armour: Scale mail        |    13 |       ||    13
         Plate armour      |    59 |    76 ||   135
  Dodge: Dodged            |    38 |    30 ||    68
  Block: Buckler           |    34 |    27 ||    61

Table legend: (Time is in decaauts)
 A = Elapsed time spent in this place.
 B = Non-inter-level travel time spent in this place.
 C = Inter-level travel time spent in this place.
 D = Time resting spent in this place.
 E = Time spent auto-exploring this place.
 F = Levels seen in this place.
 G = Mean time per level.
                   A        B        C        D        E       F      G
               +--------+--------+--------+--------+--------+-----+--------+
         Total |   1936 |   1936 |      0 |      0 |    816 |   5 |  387.2 |
       Dungeon |   1936 |   1936 |      0 |      0 |    816 |   5 |  387.2 |
               +--------+--------+--------+--------+--------+-----+--------+

Top non-repeatable levels by time:
     D:2: 803 daAuts
     D:1: 529 daAuts
     D:3: 294 daAuts
     D:4: 245 daAuts
     D:5: 64 daAuts
